 Dungeon Crawl Stone Soup version 0.21-a0-509-gecc5317 (webtiles) character file.

2156 Laiders the Skirmisher (level 9, -3/74 HPs)
             Began as a Gnoll Wanderer on Nov 29, 2017.
             Was a Priest of Cheibriados.
             Slain by a sky beast (5 damage)
             ... on level 7 of the Dungeon.
             The game lasted 00:22:37 (6185 turns).

Laiders the Skirmisher (Gnoll Wanderer)             Turns: 6185, Time: 00:22:39

Health: -3/74      AC: 11    Str: 33    XL:     9   Next: 31%
Magic:  15/15      EV: 12    Int: 20    God:    Cheibriados [***...]
Gold:   322        SH:  0    Dex: 20    Spells: 16/16 levels left

rFire    . . .     SeeInvis .   y - +0 long sword
rCold    . . .     Gourm    .   (no shield)
rNeg     . . .     Faith    .   C - +0 chain mail
rPois    .         Spirit   .   (no helmet)
rElec    .         Reflect  .   k - +0 cloak
rCorr    .         Harm     .   (no gloves)
MR       .....                  (no boots)
Stlth    +.........             (no amulet)
HPRegen  0.22/turn              A - ring of stealth
MPRegen  0.14/turn              (no ring)

@: mighty, very slow
A: distributed training, fangs 1, strong nose
a: Bend Time, Temporal Distortion, Renounce Religion


You were on level 7 of the Dungeon.
You worshipped Cheibriados.
Cheibriados was most pleased with you.
You were not hungry.

You visited 2 branches of the dungeon, and saw 8 of its levels.

You collected 322 gold pieces.

Inventory:

Hand Weapons
 a - a +3 shortbow
 y - a +0 long sword (weapon)
Missiles
 b - 76 arrows
 n - a throwing net (quivered)
Armour
 k - a +0 cloak (worn)
 C - a +0 chain mail (worn)
Jewellery
 A - a ring of stealth (left hand)
 F - an uncursed ring of ice {unknown}
Wands
 j - a wand of flame (21)
 z - a wand of digging (19)
 G - a wand of clouds (3)
Scrolls
 h - a scroll of immolation {unknown}
 l - 6 scrolls of teleportation
 o - a scroll of blinking {unknown}
 p - 6 scrolls of enchant weapon
 q - a scroll of enchant armour {unknown}
 r - a scroll of remove curse
 w - 3 scrolls of magic mapping {unknown}
 B - a scroll of amnesia {unknown}
 E - a scroll of identify
Potions
 c - 4 potions of curing
 d - 2 potions of lignification
 e - 2 potions of magic {unknown}
 s - a potion of invisibility {unknown}
 t - a potion of mutation {unknown}
 u - 3 potions of brilliance
 x - a potion of might
 D - a potion of haste {unknown}
Comestibles
 f - 4 bread rations
 g - 2 meat rations
 m - 3 royal jellies
 v - 6 fruits
 H - 7 chunks of flesh


   Skills:
 + Level 7.8 Fighting
 + Level 4.0 Short Blades
 + Level 4.0 Long Blades
 + Level 4.0 Axes
 + Level 4.0 Maces & Flails
 + Level 4.0 Polearms
 + Level 4.9 Staves
 + Level 4.0 Slings
 + Level 6.2 Bows
 + Level 4.0 Crossbows
 + Level 4.0 Throwing
 + Level 4.9 Armour
 + Level 4.9 Dodging
 + Level 4.7 Stealth
 + Level 4.0 Shields
 + Level 4.0 Unarmed Combat
 + Level 4.0 Spellcasting
 + Level 3.3 Conjurations
 + Level 3.3 Hexes
 + Level 3.3 Charms
 + Level 3.3 Summonings
 + Level 3.3 Necromancy
 + Level 3.3 Translocations
 + Level 3.3 Transmutations
 + Level 3.3 Fire Magic
 + Level 3.3 Ice Magic
 + Level 3.3 Air Magic
 + Level 3.3 Earth Magic
 + Level 3.3 Poison Magic
 + Level 4.4 Invocations
 + Level 4.9 Evocations


You had 16 spell levels left.
You didn't know any spells.

Dungeon Overview and Level Annotations

Branches:
Dungeon (7/15)             Temple (1/1) D:5

Altars:
Ashenzari
Cheibriados
Dithmenos
Fedhas
Gozag
Hepliaklqana
Kikubaaqudgha
Makhleb
Nemelex Xobeh
Okawaru
Qazlal
Ru
Sif Muna
Trog
Uskayaw
Vehumet
Wu Jian
Xom
Yredelemnul
Zin
The Shining One


Innate Abilities, Weirdness & Mutations

Your experience applies equally to all skills.
You have very sharp teeth.
Your uncanny sense of smell can sniff out nearby items.


Message History

The giant cockroach barely misses you.
You slash the giant cockroach!
You kill the giant cockroach!
Cheibriados thoroughly appreciates the change of pace.
You slash the sky beast!
The sky beast is severely wounded.
The sky beast completely misses you.
You barely miss the sky beast.
The sky beast is severely wounded.
The sky beast flickers out of sight!
Deactivating autopickup; reactivate with Ctrl-A.
Something hits you but does no damage.
You hit something. Your bite misses something. Something hits you.
* * * LOW HITPOINT WARNING * * *
Something shocks you.
* * * LOW HITPOINT WARNING * * *
You miss something. Something hits you.
* * * LOW HITPOINT WARNING * * *
Something shocks you.
You die...

#..........
##.......... .
#........... ..
#........... ...
#........... ....
##........... .....
#..>#........
......#(.).........
......{@..).......#
..(...###.........#
..()## ##..#....##
... #))###### ..
##()# . #..## #...#
##..####
##.....#####


There were no monsters in sight!

Vanquished Creatures
  The ghost of p0werm0de the Sneak, an amateur OpAM (D:4)
  An orc warrior (D:7)
  A phantom (D:7)
  2 ogres
  3 centaurs
  4 bullfrogs
  4 electric eels (D:6)
  2 crimson imps
  A bullfrog zombie (D:3)
  4 orc priests
  2 hounds
  2 jellies
  7 orc wizards
  A bullfrog skeleton (D:5)
  2 iguanas
  6 worker ants
  2 hound zombies (D:6)
  2 hound skeletons (D:5)
  7 adders
  2 shadow imps
  An ooze (D:1)
  2 adder skeletons (D:4)
  4 worms
  10 leopard geckos
  19 orcs
  8 bats
  8 giant cockroaches
  3 goblins (D:2)
  5 hobgoblins
  7 jackals
  4 kobolds
  3 quokkas
  2 ball pythons
  A ball python zombie (D:4)
  5 frilled lizards
  A quokka zombie (D:6)
  7 rats
146 creatures vanquished.

Notes
Turn   | Place    | Note
-------+----------+-------------------------------------------
     0 | D:1      | Laiders the Gnoll Wanderer began the quest for the Orb.
     0 | D:1      | Laiders set off with: a +2 shortbow, 26 arrows, a potion of curing, a potion of lignification, a +0 robe, a bread ration
     0 | D:1      | Reached XP level 1. HP: 23/23 MP: 2/2
    64 | D:1      | Reached XP level 2. HP: 29/29 MP: 3/3
   589 | D:2      | Reached XP level 3. HP: 35/35 MP: 4/4
   666 | D:2      | Reached skill level 1 in Invocations
   921 | D:2      | You fall through a shaft for 2 floors!
   926 | D:4      | Reached skill level 1 in Short Blades
   926 | D:4      | Reached skill level 1 in Long Blades
   926 | D:4      | Reached skill level 1 in Axes
   926 | D:4      | Reached skill level 1 in Maces & Flails
   926 | D:4      | Reached skill level 1 in Polearms
   926 | D:4      | Reached skill level 1 in Slings
   926 | D:4      | Reached skill level 1 in Crossbows
   926 | D:4      | Reached skill level 1 in Throwing
   926 | D:4      | Reached skill level 1 in Shields
   926 | D:4      | Reached skill level 1 in Unarmed Combat
   926 | D:4      | Reached skill level 1 in Spellcasting
   926 | D:4      | Reached XP level 4. HP: 41/41 MP: 4/6
  1119 | D:4      | Reached skill level 1 in Conjurations
  1119 | D:4      | Reached skill level 1 in Hexes
  1119 | D:4      | Reached skill level 1 in Charms
  1119 | D:4      | Reached skill level 1 in Summonings
  1119 | D:4      | Reached skill level 1 in Necromancy
  1119 | D:4      | Reached skill level 1 in Translocations
  1119 | D:4      | Reached skill level 1 in Transmutations
  1119 | D:4      | Reached skill level 1 in Fire Magic
  1119 | D:4      | Reached skill level 1 in Ice Magic
  1119 | D:4      | Reached skill level 1 in Air Magic
  1119 | D:4      | Reached skill level 1 in Earth Magic
  1119 | D:4      | Reached skill level 1 in Poison Magic
  1189 | D:4      | Reached XP level 5. HP: 47/47 MP: 7/7
  1249 | D:4      | Found a shadowy altar of Dithmenos.
  1308 | D:4      | Noticed p0werm0de's ghost (amateur OpAM)
  1404 | D:4      | HP: 1/47 [worker ant (5)]
  1753 | D:4      | Killed p0werm0de's ghost
  1753 | D:4      | Reached skill level 5 in Bows
  1753 | D:4      | Reached XP level 6. HP: 53/53 MP: 7/9
  2796 | D:5      | Entered Level 5 of the Dungeon
  2878 | D:5      | Reached XP level 7. HP: 37/59 MP: 10/10
  3061 | D:5      | Reached skill level 7 in Fighting
  3092 | D:5      | Found a staircase to the Ecumenical Temple.
  3126 | Temple   | Entered the Ecumenical Temple
  3295 | Temple   | Became a worshipper of Cheibriados the Contemplative
  3313 | D:5      | Upgraded the game from 0.21-a0-508-gf08a75f to 0.21-a0-509-gecc5317
  4172 | D:5      | Reached * piety under Cheibriados
  4343 | D:5      | Reached XP level 8. HP: 60/67 MP: 12/12
  4562 | D:6      | Found a transporter.
  4594 | D:6      | Found a transporter.
  4645 | D:6      | Reached ** piety under Cheibriados
  6090 | D:7      | Reached XP level 9. HP: 72/72 MP: 14/14
  6144 | D:7      | Reached *** piety under Cheibriados
  6185 | D:7      | HP: 2/74 [something (4)]
  6185 | D:7      | Slain by a sky beast

Vault maps used:
D:1:      grunt_arrival_lava_bath
D:3:      first_bread, nrook_mini_backslash, minmay_misc_feat_hallway
D:4:      serial_bayou, serial_bayou_pond_b, serial_bayou_pond_c,
          serial_bayou_shore_a, serial_bayou_pond_b, grunt_dithmenos_shadows
D:5:      minmay_temple_entry_overgrown, serial_glass, glass_columns_b,
          glass_columns_c, glass_columns_c, glass_columns_c, glass_columns_b,
          minmay_strange_pillars, feat_on_display
D:6:      gammafunk_steamed_eel
D:7:      serial_shops, shop, uniq_prince_ribbit1
Temple:   roderic_octagonal_lattice_temple

Skill      XL: |  1  2  3  4  5  6  7  8  9 |
---------------+----------------------------+-----
Invocations    | 1 2 3 4 |  4.4
Short Blades   | 1 2 3 4 |  4.0
Long Blades    | 1 2 3 4 |  4.0
Axes           | 1 2 3 4 |  4.0
Maces & Flails | 1 2 3 4 |  4.0
Polearms       | 1 2 3 4 |  4.0
Slings         | 1 2 3 4 |  4.0
Crossbows      | 1 2 3 4 |  4.0
Throwing       | 1 2 3 4 |  4.0
Shields        | 1 2 3 4 |  4.0
Unarmed Combat | 1 2 3 4 |  4.0
Spellcasting   | 1 2 3 4 |  4.0
Conjurations   | 1 2 3 |  3.3
Hexes          | 1 2 3 |  3.3
Charms         | 1 2 3 |  3.3
Summonings     | 1 2 3 |  3.3
Necromancy     | 1 2 3 |  3.3
Translocations | 1 2 3 |  3.3
Transmutations | 1 2 3 |  3.3
Fire Magic     | 1 2 3 |  3.3
Ice Magic      | 1 2 3 |  3.3
Air Magic      | 1 2 3 |  3.3
Earth Magic    | 1 2 3 |  3.3
Poison Magic   | 1 2 3 |  3.3
Staves         | 3 4 |  4.9
Armour         | 3 4 |  4.9
Dodging        | 3 4 |  4.9
Evocations     | 3 4 |  4.9
Bows           | 5 6 |  6.2
Stealth        | 3 4 |  4.7
Fighting       | 7 |  7.8

Action                   |  1- 3 |  4- 6 |  7- 9 || total
-------------------------+-------+-------+-------++-------
Melee: Short sword       |       |     4 |       ||     4
       War axe           |       |    26 |    25 ||    51
       Bite              |       |     2 |    33 ||    35
       Long sword        |       |       |   117 ||   117
       Shortbow          |       |       |     1 ||     1
 Fire: Shortbow          |    71 |    97 |   146 ||   314
Evoke: Wand              |       |       |     4 ||     4
  Use: Potion            |       |     2 |     4 ||     6
       Scroll            |       |     5 |     4 ||     9
  Eat: Chunk             |       |     6 |     7 ||    13
Armor: Robe              |     3 |    14 |       ||    17
       Skin              |       |    24 |       ||    24
       Scale mail        |       |     8 |    17 ||    25
       Chain mail        |       |       |    89 ||    89
Dodge: Dodged            |    12 |    47 |   135 ||   194
       Rpst.: Long sword |       |       |    26 ||    26

Table legend:
 A = Spawn XP
 B = Non-spawn XP
 C = Spawn XP percentage of total XP
 D = Spawn monster count
 E = Non-spawn monster count
 F = Spawn count percentage of total count
 G = Total turns spent on level
                    A         B        C        D         E        F      G
               +---------+---------+-------+---------+---------+-------+---------
         Total |       0 |    3080 |   0.0 |       0 |     146 |   0.0 |  6185
               +---------+---------+-------+---------+---------+-------+---------
           D:1 |       0 |      29 |   0.0 |       0 |      14 |   0.0 |   578
           D:2 |       0 |      45 |   0.0 |       0 |      18 |   0.0 |   343
           D:3 |       0 |     123 |   0.0 |       0 |      16 |   0.0 |   807
           D:4 |       0 |     397 |   0.0 |       0 |      20 |   0.0 |  1068
           D:5 |       0 |     636 |   0.0 |       0 |      27 |   0.0 |  1359
           D:6 |       0 |    1003 |   0.0 |       0 |      32 |   0.0 |  1611
           D:7 |       0 |     847 |   0.0 |       0 |      19 |   0.0 |   233
               +---------+---------+-------+---------+---------+-------+---------
